 Dungeon Crawl Stone Soup version 0.23-a0-49-gd9f7a49 (webtiles) character file.

393736 poirepourri the Severer (level 22, 0/222 HPs)
             Began as a Deep Dwarf Fighter on Aug 6, 2018.
             Was the Champion of Makhleb.
             Shot with an arrow by a deep elf master archer (24 damage)
             ... on level 3 of the Elven Halls.
             The game lasted 01:21:03 (39900 turns).

poirepourri the Severer (Deep Dwarf Fighter)       Turns: 39900, Time: 01:21:04

Health: 0/222      AC: 13    Str: 22    XL:     22   Next: 14%
Magic:  9/9        EV: 29    Int: 10    God:    Makhleb [******]
Gold:   1106       SH: 16    Dex: 28    Spells: 21/21 levels left

rFire    + + .     SeeInvis +   a - +9 broad axe
rCold    + . .     Gourm    .   Y - +0 shield {rF+}
rNeg     + . .     Faith    .   z - +1 ring mail of Cituxaiw {-Cast +Blink MR+++}
rPois    .         Spirit   .   W - +1 helmet {SInv}
rElec    .         Reflect  .   C - scarf {rC+ rF+}
rCorr    .         Harm     .   p - +2 pair of gloves {Dex+3}
MR       +++++     NoCast   +   E - +0 pair of boots {run}
Stlth    ++........             (no amulet)
HPRegen  0.00/turn              S - +5 ring of evasion
MPRegen  0.11/turn              R - +6 ring of dexterity

@: non-regenerating, quick
A: damage resistance, heal wounds, low mp 1, negative energy resistance 1, sense
surroundings 3, no regeneration
}: 2/15 runes: barnacled, gossamer
a: Heal Wounds, Minor Destruction, Lesser Servant of Makhleb, Major Destruction,
Greater Servant of Makhleb, Renounce Religion, Evoke Blink


You were on level 3 of the Elven Halls.
You worshipped Makhleb.
Makhleb was exalted by your worship.
You were very full.

You visited 8 branches of the dungeon, and saw 39 of its levels.
You visited the Abyss 2 times.
You also visited: Sewer, Ice Cave and Desolation.

You collected 5020 gold pieces.
You spent 3914 gold pieces at shops.

Inventory:

Hand Weapons
 a - a +9 broad axe (weapon)
 b - a +4 hand crossbow of freezing
 D - the +10 morningstar of a volcano {freeze, *Rage rF++ MP+9 Int+2}
   (You found it on level 4 of the Spider Nest)

   It has been specially enchanted to freeze those struck by it, causing extra
   injury to most foes and up to half again as much damage against particularly
   susceptible opponents.
   It can also slow down cold-blooded creatures.
   It affects your intelligence (+2).
   It greatly protects you from fire.
   It affects your magic capacity (+9).
   It may make you go berserk in combat.
Missiles
 e - 113 tomahawks
 n - 1576 bolts
 t - 6 javelins (quivered)
 H - 11 throwing nets
Armour
 c - the +0 ice dragon scales "Paura" {rF- rC++ Str+6 Slay+5}
   (You bought it in a shop on level 1 of the Orcish Mines)

   It affects your strength (+6).
   It affects your accuracy and damage with ranged weapons and melee attacks
   (+5).
   It makes you vulnerable to fire.
   It greatly protects you from cold.
 d - a scarf of cloud immunity
 p - a +2 pair of gloves of dexterity (worn)
 v - a +2 ring mail of cold resistance
 z - the +1 ring mail of Cituxaiw (worn) {-Cast +Blink MR+++}
   (You bought it in a shop on level 4 of the Shoals)

   It affects your resistance to hostile enchantments.
   It lets you blink.
   It prevents spellcasting.
 C - a scarf of resistance (worn)
 E - a +0 pair of boots of running (worn)
 G - a +1 scale mail of poison resistance
 W - a +1 helmet of see invisible (worn)
 Y - a +0 shield of fire resistance (worn)
Jewellery
 f - an uncursed ring of protection from magic
 m - an uncursed ring of positive energy
 r - the ring of Libeoso {rElec rF++ rN+ MR+ Int-3}
   (You found it in the Desolation of Salt)

   [ring of protection from magic]

   It affects your intelligence (-3).
   It greatly protects you from fire.
   It insulates you from electricity.
   It protects you from negative energy.
   It affects your resistance to hostile enchantments.
 x - the ring "Kiupp" {Fire rElec}
   (You found it on level 1 of the Shoals)

   [ring of fire]

   It enhances your fire magic.
   It protects you from fire.
   It makes you vulnerable to cold.
   It insulates you from electricity.
 y - an uncursed amulet of guardian spirit
 J - an uncursed ring of protection from fire
 L - a +5 ring of strength
 N - an uncursed ring of positive energy
 O - an uncursed ring of poison resistance
 Q - an uncursed ring of protection from cold
 R - a +6 ring of dexterity (right hand)
 S - a +5 ring of evasion (left hand)
 T - an uncursed ring of positive energy
Wands
 o - a wand of polymorph (62)
 s - a wand of digging (51)
 w - a wand of flame (62)
 B - a wand of enslavement (42)
 I - a wand of random effects (38)
 M - a wand of paralysis (38)
 X - a wand of acid (7)
Scrolls
 h - 16 scrolls of remove curse
 j - 14 scrolls of teleportation
 k - 10 scrolls of fog
 K - 15 scrolls of identify
 P - 2 scrolls of magic mapping
 V - a scroll of holy word
 Z - a scroll of amnesia
Potions
 g - 4 potions of cancellation
 i - a potion of brilliance
 l - 4 potions of flight
 q - 5 potions of haste
 F - 6 potions of curing
 U - a potion of magic
Miscellaneous
 A - a phantom mirror
Comestibles
 u - 39 rations


   Skills:
 + Level 18.5 Fighting
 - Level 20.2(20.5) Axes
 - Level 7.0(14.2) Maces & Flails
 - Level 10.2 Crossbows
 - Level 8.0 Throwing
 - Level 5.1 Armour
 - Level 12.3 Dodging
 - Level 17.4 Shields
 - Level 16.0 Invocations
 - Level 15.0 Evocations


You had 21 spell levels left.
You didn't know any spells.
Your spell library contained the following spells:

 Spells                   Type           Power        Failure   Level  Hunger
 Magic Dart               Conj           #...         52%         1    ##.....
 Fireball                 Conj/Fire      #.........   100%        5    ######.
 Apportation              Tloc           #.....       52%         1    ##.....
 Conjure Flame            Conj/Fire      #.......     87%         3    ####...
 Bolt of Cold             Conj/Ice       #.........   100%        6    #######
 Bolt of Magma            Conj/Fire/Erth #.........   100%        5    ######.
 Slow                     Hex            #.......     65%         2    ###....
 Confuse                  Hex            #.......     87%         3    ####...
 Throw Flame              Conj/Fire      #.....       65%         2    ###....
 Freezing Cloud           Conj/Ice/Air   #.........   100%        6    #######
 Mephitic Cloud           Conj/Pois/Air  #.......     87%         3    ####...
 Teleport Other           Tloc           #.......     87%         3    ####...
 Summon Small Mammal      Summ           #...         52%         1    ##.....
 Blink                    Tloc           N/A          65%         2    ###....
 Iskenderun's Mystic Bla  Conj           #.......     99%         4    #####..
 Animate Dead             Necr           N/A          99%         4    #####..
 Pain                     Necr           #...         52%         1    ##.....
 Animate Skeleton         Necr           N/A          52%         1    ##.....
 Vampiric Draining        Necr           #.........   87%         3    ####...
 Ozocubu's Refrigeration  Ice            #.........   100%        6    #######
 Sticky Flame             Conj/Fire      #.......     99%         4    #####..
 Summon Ice Beast         Ice/Summ       #.......     99%         4    #####..
 Call Imp                 Summ           #.......     65%         2    ###....
 Regeneration             Chrm/Necr      #.........   87%         3    ####...
 Tukima's Dance           Hex            #.......     87%         3    ####...
 Summon Demon             Summ           #.........   100%        5    ######.
 Iron Shot                Conj/Erth      #.........   100%        6    #######
 Swiftness                Chrm/Air       #.......     65%         2    ###....
 Recall                   Summ/Tloc      N/A          87%         3    ####...
 Statue Form              Tmut/Erth      #........    100%        6    #######
 Ice Form                 Ice/Tmut       #.......     99%         4    #####..
 Death Channel            Necr           #.........   100%        6    #######
 Deflect Missiles         Chrm/Air       #.........   100%        6    #######
 Shadow Creatures         Summ           N/A          100%        6    #######
 Confusing Touch          Hex            #.....       52%         1    ##.....
 Flame Tongue             Conj/Fire      #....        52%         1    ##.....
 Call Canine Familiar     Summ           #.......     87%         3    ####...
 Ensorcelled Hibernation  Hex/Ice        #.....       65%         2    ###....
 Metabolic Englaciation   Hex/Ice        #.........   100%        5    ######.
 Summon Butterflies       Summ           #.......     52%         1    ##.....
 Silence                  Hex/Air        #.........   100%        5    ######.
 Shatter                  Erth           #.........   100%        9    #######
 Corona                   Hex            #......      52%         1    ##.....
 Sandblast                Erth           #.....       52%         1    ##.....
 Simulacrum               Ice/Necr       #.........   100%        6    #######
 Conjure Ball Lightning   Conj/Air       #.........   100%        6    #######
 Tornado                  Air            #.........   100%        9    #######
 Leda's Liquefaction      Hex/Erth       #.........   99%         4    #####..
 Summon Hydra             Summ           #.........   100%        7    #######
 Shroud of Golubria       Chrm/Tloc      #.........   65%         2    ###....
 Inner Flame              Hex/Fire       #.......     87%         3    ####...
 Fulminant Prism          Conj/Hex       #.........   99%         4    #####..
 Dazzling Spray           Conj/Hex       #.....       87%         3    ####...
 Force Lance              Conj/Tloc      #.......     99%         4    #####..
 Infusion                 Chrm           #...         52%         1    ##.....
 Song of Slaying          Chrm           #.......     65%         2    ###....
 Spectral Weapon          Hex/Chrm       #.......     87%         3    ####...
 Searing Ray              Conj           #.....       65%         2    ###....
 Summon Forest            Summ/Tloc      #.........   100%        5    ######.
 Summon Lightning Spire   Summ/Air       #.......     99%         4    #####..
 Summon Guardian Golem    Hex/Summ       #.......     87%         3    ####...
 Dragon's Call            Summ           #.........   100%        9    #######
 Summon Mana Viper        Hex/Summ       #.......     100%        5    ######.
 Poisonous Vapours        Pois/Air       #.....       65%         2    ###....
 Borgnjor's Vile Clutch   Necr/Erth      #.........   100%        5    ######.


Dungeon Overview and Level Annotations

Branches:
Dungeon (15/15)            Temple (1/1) D:7            Lair (6/6) D:11
 Shoals (4/4) Lair:2       Spider (4/4) Lair:4        Slime (0/5) Lair:6
    Orc (2/2) D:11            Elf (3/3) Orc:2        Vaults (4/5) D:13
  Crypt (0/3) Vaults:2     Depths (0/5) D:15

Altars:
Ashenzari
Cheibriados
Dithmenos
Elyvilon
Fedhas
Gozag
Hepliaklqana
Kikubaaqudgha
Makhleb
Nemelex Xobeh
Okawaru
Qazlal
Ru
Sif Muna
Trog
Uskayaw
Vehumet
Wu Jian
Xom
Yredelemnul
Zin
The Shining One
Beogh
Jiyva

Shops:
D:11 [   Orc:1 *   Orc:2 (:}[   Elf:2 [   Elf:3 =}*%   Shoals:4 [   Vaults:3 *
Vaults:4 [

Portals:
Trove: Elf:2 (give +4 ice dragon scales)

Annotations:
D:4 Eustachio
D:9 3 runed doors, conein's ghost, novice TrFi
Lair:6 1 runed door
Shoals:1 2 transporters, Nilihum's ghost, journeyman MfGl


Innate Abilities, Weirdness & Mutations

You are resistant to damage.
You can heal yourself by infusing magical energy.
You resist negative energy. (rN+)
You passively map a large area around you.
You do not regenerate.
Your magical capacity is low. (-10% MP)


Message History

The deep elf master archer is lightly wounded.
The deep elf master archer shoots an arrow.
The arrow hits you!!
* * * LOW HITPOINT WARNING * * *
The deep elf master archer shoots an arrow.
You block the arrow.
The deep elf master archer shoots an arrow.
The arrow hits you!
* * * LOW HITPOINT WARNING * * *
You see here an arrow.
Items here: )) [ † a long sword; a ring mail; a rapier; an elf corpse The deep elf master archer shoots an arrow.
The arrow misses you.
Unknown command.
Your +4 hand crossbow of freezing stops glowing.
a - a +9 broad axe (weapon)
The deep elf master archer shoots an arrow.
The arrow hits you!!
You die...

...###.......)..#..# ###
...# #########.###.#
...# #..#..# #'##
##)).#* #.# * * ##(## *
* #.# , , *#(# , , ,*
#.# * , , #(# , , ,, *
#.##* , , #)#* , ,* #..#
, #@#* , , ...# * * #)#
* ** ** #### , *
######(######* *
#...≈≈e≈≈...# * * ,,
##...≈≈(≈≈...## * * *,*
*.....≈≈)≈≈..... , *
.#...≈≈.≈≈...### , ####
*##.######.######.## #
...#
,*#.................##.#


You could see a deep elf master archer.

Vanquished Creatures
  Mara (Vaults:2)
  Mennas (Vaults:2)
  2 liches (Vaults:2)
  Rupert (D:14)
  3 deep elf blademasters
  An Executioner (Abyss:4)
  2 tentacled starspawn (Abyss:3)
  A shadow dragon (Vaults:4)
  Kirke (Spider:4)
  2 tengu reavers
  A fire giant (D:15)
  5 deep elf sorcerers
  16 vault wardens
  3 frost giants
  2 angels (Abyss:4)
  4 ghost moths (Spider:4)
  7 emperor scorpions
  3 deep elf elementalists (Elf:3)
  6 stone giants
  9 ironheart preservers
  6 very ugly things
  The ghost of Tueng the Cruncher, a journeyman NaWz of Kikubaaqudgha (Lair:4)
  7 deep elf demonologists (Elf:3)
  2 entropy weavers
  5 deep elf annihilators
  A lorocyproca (Abyss:3)
  A halazid warlock (Desolation)
  A red draconian (Abyss:3)
  The ghost of jjfam the Cleaver, a journeyman DDFi of Makhleb (Orc:2)
  2 merfolk javelineers (Shoals:4)
  9 deep elf death magi
  8 merfolk impalers
  4 ettins
  3 fire dragons
  2 crystal guardians (Desolation)
  5 ragged hierophants (Desolation)
  5 ogre magi
  13 yaktaur captains
  2 deep elf high priests (Elf:3)
  Erolcha (D:13)
  3 great orbs of eyes
  The ghost of Nicwaq the Champion of Chaos, a journeyman HOMo of Makhleb (Orc:1)
  12 vault guards
  A naga warrior (Abyss:3)
  4 servants of whispers
  7 peacekeepers (Desolation)
  3 ice dragons
  10 hydras
  5 death knights
  8 centaur warriors
  A merfolk aquamancer (Shoals:3)
  19 dancing weapons
  A catoblepas (Lair:5)
  6 two-headed ogres
  A spectral fire giant (D:15)
  4 death yaks (Lair:6)
  A deep troll earth mage (Vaults:2)
  Urug (Lair:2)
  3 thrashing horrors (Abyss:3)
  A sun demon (Abyss:4)
  2 wretched stars (Abyss:3)
  23 deep elf knights
  A skeletal warrior (D:14)
  2 shadow wraiths
  A storm dragon skeleton (Abyss:3)
  7 deep trolls
  2 flayed ghosts
  9 sea snakes
  6 wizards
  2 glowing orange brains
  2 unseen horrors
  A phantasmal warrior (Vaults:3)
  13 ironbrand convokers
  22 deep elf archers
  3 lindwurms
  An obsidian statue (Orc:1)
  20 harpies
  10 orc knights
  A wolf spider zombie (D:14)
  2 necromancers (D:13)
  15 ugly things
  6 cyclopes
  82 deep elf magi
  An orb spider (shapeshifter) (D:14)
  A stone giant zombie (D:15)
  36 wolf spiders
  10 orb spiders
  An oklob plant (Lair:1)
  3 moths of wrath (Spider:4)
  9 black mambas
  A spriggan zombie (D:15)
  2 merfolk sirens
  4 elephants (Lair:3)
  12 manticores
  4 guardian serpents
  3 ice statues (IceCv)
  A naga mage (Abyss:3)
  4 water nymphs
  14 vault sentinels
  A spiny frog (shapeshifter) (Vaults:2)
  An elf zombie (D:15)
  5 torpor snails (Lair:6)
  10 komodo dragons
  7 large abominations
  A smoke demon (Abyss:4)
  16 spiny frogs
  10 rime drakes
  3 kobold demonologists (D:14)
  32 yaktaurs
  14 demonic crawlers
  4 freezing wraiths
  2 ancient zymes (Abyss:3)
  An efreet (Abyss:3)
  A queen bee (shapeshifter) (Vaults:2)
  7 trolls
  A tengu conjurer (D:13)
  A harpy zombie (D:14)
  3 tyrant leeches (Lair:6)
  31 jumping spiders
  18 hornets
  5 polar bears
  2 wind drakes (shapeshifter)
  23 merfolk
  9 raiju
  A queen bee (D:11)
  3 wind drakes
  16 slime creatures
  Grinder (D:5)
  44 saltlings
  A dream sheep (shapeshifter) (Elf:1)
  An iron dragon simulacrum (D:15)
  5 snapping turtles
  14 blink frogs
  4 dream sheep (Shoals:1)
  19 hippogriffs
  2 stone giant simulacra
  A ynoxinul (Abyss:3)
  66 redbacks
  2 shadows
  3 wraiths
  An air elemental (Elf:1)
  2 hogs (shapeshifter)
  18 wyverns
  9 water elementals
  A tarantella (shapeshifter) (Vaults:3)
  33 tarantellas
  A vampire (D:13)
  2 fire elementals
  92 yaks
  4 hungry ghosts
  22 humans
  3 vampire mosquitoes (D:12)
  8 basilisks
  4 hogs
  A neqoxec (Abyss:4)
  A steam dragon (D:14)
  A yaktaur simulacrum (D:15)
  Menkaure (D:4)
  A naga (Abyss:3)
  2 wargs
  5 acid dragons
  18 water moccasins
  6 porcupines
  9 small abominations
  2 hell hounds
  51 orc warriors
  A deep troll simulacrum (D:15)
  A black bear (D:9)
  17 ice beasts
  4 sky beasts
  An eye of draining (D:14)
  A necrophage (D:7)
  5 wolves
  A manticore zombie (Abyss:4)
  20 ogres
  6 boggarts
  4 phantoms
  20 centaurs
  19 crocodiles
  19 bullfrogs
  2 big kobolds
  An earth elemental (Elf:1)
  A wyvern zombie (D:9)
  A hornet simulacrum (D:13)
  35 scorpions
  8 wights
  32 killer bees
  5 howler monkeys
  An electric eel (D:8)
  2 centaur zombies
  10 crimson imps
  13 starcursed masses
  7 hounds
  2 bullfrog zombies
  8 jellies
  27 orc wizards
  4 centaur skeletons
  19 orc priests
  Crazy Yiuf (D:2)
  A bullfrog skeleton (D:10)
  Natasha (thrice) (D:2)
  A hell rat (Lair:2)
  3 iguanas
  17 worker ants
  A killer bee zombie (D:8)
  A bullfrog simulacrum (D:8)
  A hound zombie (D:8)
  Robin (D:4)
  A worker ant zombie (D:6)
  4 gnolls (D:10)
  A river rat (D:6)
  9 adders
  6 shadow imps
  2 white imps
  An ufetubus (Abyss:3)
  An ooze (D:1)
  An adder skeleton (D:6)
  6 worms
  The ghost of glosham the Skirmisher, a weakling FoBe of Trog (D:15)
  2 dart slugs
  2 leopard geckos
  98 orcs
  3 ball pythons
  7 giant cockroaches
  13 goblins
  4 hobgoblins
  12 jackals
  4 quokkas
  13 bats
  6 frilled lizards
  13 kobolds
  A leopard gecko zombie (D:5)
  A quokka skeleton (D:5)
  10 rats
  A butterfly (Lair:6)
  9 fungi
  7 plants
  5 starspawn tentacles (Abyss:3)
1841 creatures vanquished.

Vanquished Creatures (collateral kills)
  Nikola (Shoals:1)
  An emperor scorpion (Spider:1)
  A balrug (Vaults:2)
  An entropy weaver (Spider:1)
  2 merfolk javelineers
  2 merfolk impalers
  A merfolk aquamancer (Shoals:1)
  A sea snake (Shoals:1)
  3 harpies (Shoals:1)
  A deep elf mage (Elf:3)
  2 orb spiders (Spider:4)
  A wolf spider (Spider:4)
  An orc sorcerer (Orc:2)
  A manticore (Shoals:4)
  A demonic crawler (Spider:4)
  A rime drake (Lair:5)
  5 jumping spiders (Spider:4)
  3 merfolk
  3 hornets (Spider:4)
  3 raiju (Abyss:4)
  A slime creature (Vaults:2)
  A snapping turtle (Shoals:3)
  2 hogs (Spider:4)
  A wyvern (Lair:5)
  An acid dragon (Vaults:2)
  A warg (Orc:2)
  6 orc warriors (Orc:2)
  A wolf (Lair:1)
  4 centaurs
  A starcursed mass (Vaults:2)
54 creatures vanquished.

Vanquished Creatures (others)
  Asterion (Elf:2)
  2 deep elf magi (Elf:2)
  A merfolk siren (Shoals:1)
  A saltling (Desolation)
  A redback (Spider:4)
  A wyvern (Lair:5)
  A centaur (Orc:2)
  2 orcs
  A quokka (D:15)
  24 fungi
  21 plants
  5 starspawn tentacles (Abyss:3)
  4 tentacles (Abyss:4)
65 creatures vanquished.

Grand Total: 1960 creatures vanquished

Notes
Turn   | Place    | Note
-------+----------+-------------------------------------------
     0 | D:1      | poirepourri the Deep Dwarf Fighter began the quest for the Orb.
     0 | D:1      | Reached XP level 1. HP: 20/20 MP: 1/1
   151 | D:1      | Reached skill level 3 in Axes
   152 | D:1      | Reached XP level 2. HP: 16/27 MP: 2/2
   773 | D:1      | Reached XP level 3. HP: 12/33 MP: 3/3
   859 | D:2      | Noticed Natasha
   871 | D:2      | Killed Natasha
   871 | D:2      | Reached skill level 4 in Axes
   914 | D:2      | Found a runed door.
   973 | D:2      | Found a stormy altar of Qazlal.
  1023 | D:2      | Reached XP level 4. HP: 32/40 MP: 3/3
  1164 | D:2      | Found a burning altar of Makhleb.
  1164 | D:2      | Found a bloodstained altar of Trog.
  1164 | D:2      | Found a hide-covered altar of Uskayaw.
  1185 | D:2      | Became a worshipper of Makhleb the Destroyer
  1192 | D:2      | Found a glowing silver altar of Zin.
  1222 | D:2      | Reached skill level 5 in Axes
  1479 | D:2      | Noticed Natasha
  1481 | D:2      | Killed Natasha
  1590 | D:2      | Noticed Natasha
  1598 | D:2      | Killed Natasha
  1800 | D:2      | Noticed Crazy Yiuf
  1807 | D:2      | Killed Crazy Yiuf
  1807 | D:2      | Reached skill level 6 in Axes
  1807 | D:2      | Reached XP level 5. HP: 16/46 MP: 4/4
  1950 | D:3      | Found a sacrificial altar of Ru.
  2124 | D:3      | Reached * piety under Makhleb
  2258 | D:3      | Reached skill level 7 in Axes
  2258 | D:3      | Reached XP level 6. HP: 44/55 MP: 5/5
  2420 | D:4      | Noticed Menkaure
  2429 | D:4      | Killed Menkaure
  2440 | D:4      | Reached skill level 8 in Axes
  2517 | D:4      | Noticed Eustachio
  2530 | D:4      | Reached XP level 7. HP: 35/61 MP: 6/6
  2632 | D:4      | Found a shimmering altar of Xom.
  2682 | D:4      | Reached skill level 9 in Axes
  2686 | D:4      | Reached ** piety under Makhleb
  3062 | D:4      | Noticed Robin
  3080 | D:4      | Killed Robin
  3376 | D:5      | Entered Level 5 of the Dungeon
  3401 | D:5      | Reached skill level 10 in Axes
  3491 | D:5      | Found an iron altar of Okawaru.
  3544 | D:5      | Reached XP level 8. HP: 55/69 MP: 7/7
  3547 | D:5      | Noticed Grinder
  3548 | D:5      | Paralysed by Grinder for 2 turns
  3554 | D:5      | Paralysed by Grinder for 4 turns
  3567 | D:5      | Paralysed by Grinder for 7 turns
  3582 | D:5      | Killed Grinder
  3582 | D:5      | Reached skill level 5 in Fighting
  4496 | D:6      | Reached *** piety under Makhleb
  4773 | D:6      | Found a glowing drain.
  4803 | Sewer    | Entered a sewer
  5139 | D:7      | Gained mutation: You passively map the area around you. [Deep Dwarf growth]
  5139 | D:7      | Reached XP level 9. HP: 84/86 MP: 8/8
  5179 | D:7      | Reached skill level 5 in Shields
  5216 | D:7      | Found a staircase to the Ecumenical Temple.
  5243 | Temple   | Entered the Ecumenical Temple
  6076 | D:7      | Reached **** piety under Makhleb
  6089 | D:7      | Reached XP level 10. HP: 74/94 MP: 9/9
  6254 | D:8      | Reached skill level 10 in Shields
  6318 | D:8      | Found an ornate altar of the Wu Jian Council.
  6450 | D:8      | Found a burning altar of Makhleb.
  6702 | D:8      | Found a shattered altar of Ashenzari.
  6997 | D:8      | Found a deep blue altar of Sif Muna.
  7133 | D:9      | Found an opulent altar of Gozag.
  7240 | D:9      | Reached ***** piety under Makhleb
  7336 | D:9      | Found a runed gate.
  7336 | D:9      | Found a runed gate.
  7337 | D:9      | Found a runed gate.
  7339 | D:9      | Noticed conein's ghost (novice TrFi)
  7756 | D:9      | Reached XP level 11. HP: 86/100 MP: 9/9
  7933 | D:10     | Entered Level 10 of the Dungeon
  7955 | D:10     | Reached skill level 5 in Armour
  8099 | D:10     | Found a sparkling altar of Nemelex Xobeh.
  8109 | D:10     | Noticed a two-headed ogre
  8121 | D:10     | Killed a two-headed ogre
  8615 | D:11     | Reached skill level 5 in Dodging
  8779 | D:11     | Noticed a red ugly thing
  8802 | D:11     | Killed a red ugly thing
  8803 | D:11     | Found a staircase to the Lair.
  8960 | D:11     | Found Duqaxeck's Armour Emporium.
  9002 | D:11     | Bought a +1 scale mail of poison resistance for 208 gold pieces
  9623 | D:11     | Found a staircase to the Orcish Mines.
  9665 | D:12     | Noticed a cyan ugly thing
  9678 | D:12     | Killed a cyan ugly thing
  9817 | D:12     | Reached ****** piety under Makhleb
  9914 | D:12     | Noticed a deep elf mage
  9930 | D:12     | Killed a deep elf mage
  9930 | D:12     | Reached XP level 12. HP: 107/109 MP: 10/10
 10798 | D:13     | Noticed Erolcha
 10814 | D:13     | Killed Erolcha
 10814 | D:13     | Reached skill level 15 in Shields
 11407 | D:13     | Noticed a red very ugly thing
 11431 | D:13     | Killed a red very ugly thing
 11729 | D:13     | Found a gate to the Vaults.
 11729 | D:13     | Noticed a vault guard
 11779 | D:13     | Killed a vault guard
 12053 | Lair:1   | Entered Level 1 of the Lair of Beasts
 12086 | Lair:1   | Noticed a five-headed hydra
 12109 | Lair:1   | Killed a five-headed hydra
 12109 | Lair:1   | Reached XP level 13. HP: 64/115 MP: 10/10
 12364 | Lair:1   | Reached skill level 11 in Axes
 13485 | Lair:2   | Noticed Urug
 13504 | Lair:2   | Killed Urug
 13504 | Lair:2   | Reached skill level 12 in Axes
 13793 | Lair:2   | Found a staircase to the Shoals.
 13808 | Lair:2   | Reached skill level 13 in Axes
 14154 | Lair:3   | Found a labyrinth entrance.
 14301 | Lair:3   | Reached skill level 14 in Axes
 14857 | Lair:4   | Reached skill level 15 in Axes
 14863 | Lair:4   | Found a frozen archway.
 14884 | IceCv    | Entered an ice cave
 14903 | IceCv    | Gained mutation: You resist negative energy. (rN+) [Deep Dwarf growth]
 14903 | IceCv    | Reached XP level 14. HP: 123/123 MP: 9/9
 15328 | Lair:4   | Identified Hucupuo's Tome of the Mountains
 15411 | Lair:4   | Found a hole to the Spider Nest.
 15428 | Lair:4   | Reached skill level 16 in Axes
 15524 | Lair:4   | Found a runed door.
 15524 | Lair:4   | Found a shimmering altar of Xom.
 15524 | Lair:4   | Noticed Tueng's ghost (journeyman NaWz)
 16240 | Lair:5   | Reached skill level 17 in Axes
 16584 | Lair:6   | Entered Level 6 of the Lair of Beasts
 16641 | Lair:6   | Reached skill level 18 in Axes
 16915 | Lair:6   | Reached XP level 15. HP: 134/134 MP: 10/10
 16925 | Lair:6   | Found a staircase to the Slime Pits.
 16925 | Lair:6   | Found a viscous altar of Jiyva.
 17515 | Lair:6   | Found a runed door.
 17521 | Lair:6   | Reached skill level 10 in Fighting
 18100 | Orc:1    | Entered Level 1 of the Orcish Mines
 18100 | Orc:1    | Found a roughly hewn altar of Beogh.
 18332 | Orc:1    | You fall through a shaft!
 18332 | Orc:2    | Entered Level 2 of the Orcish Mines
 18375 | Orc:2    | Found Rurubu's Gadget Boutique.
 18375 | Orc:2    | Found Soma Ops's Book Shoppe.
 18393 | Orc:2    | Found Yjemoysial's Antique Armour Shop.
 18395 | Orc:2    | Found Xiyb's Antique Weapon Emporium.
 18514 | Orc:2    | Bought a pair of embroidered gloves for 210 gold pieces
 18735 | Orc:2    | Found a staircase to the Elven Halls.
 18965 | Orc:2    | Found a runed door.
 18970 | Orc:2    | Noticed jjfam's ghost (journeyman DDFi)
 19039 | Orc:2    | Killed jjfam's ghost
 19243 | Orc:1    | Found a runed gate.
 19243 | Orc:1    | Found a runed gate.
 19243 | Orc:1    | Found a runed gate.
 19248 | Orc:1    | Noticed Nicwaq's ghost (journeyman HOMo)
 19253 | Orc:1    | Found an opulent altar of Gozag.
 19253 | Orc:1    | Found Puibariun's Assorted Antiques.
 19269 | Orc:1    | Killed Nicwaq's ghost
 19322 | Orc:1    | Bought a scroll of enchant weapon for 270 gold pieces
 19322 | Orc:1    | Bought a crude ruby amulet for 180 gold pieces
 19785 | Lair:4   | Killed Tueng's ghost
 19841 | Spider:1 | Entered Level 1 of the Spider Nest
 20759 | Spider:1 | Reached XP level 16. HP: 121/157 MP: 11/11
 21586 | Spider:3 | Identified the amulet of the Good {Harm *Drain rF+ Dex+2} (You bought it in a shop on level 1 of the Orcish Mines)
 21998 | Spider:3 | Reached skill level 1 in Invocations
 22107 | Spider:3 | Reached skill level 5 in Invocations
 22377 | Spider:4 | Entered Level 4 of the Spider Nest
 22644 | Spider:4 | Reached skill level 10 in Invocations
 22652 | Spider:4 | Got a shimmering morningstar
 22662 | Spider:4 | Identified the +10 morningstar of a volcano {freeze, *Rage rF++ MP+9 Int+2} (You found it on level 4 of the Spider Nest)
 22759 | Spider:4 | Noticed Kirke
 22775 | Spider:4 | Killed Kirke
 23187 | Spider:3 | Reached XP level 17. HP: 109/166 MP: 18/20
 23314 | Spider:4 | Paralysed by a hornet for 1 turns
 23420 | Spider:4 | Reached skill level 1 in Evocations
 23651 | Spider:4 | Got a gossamer rune of Zot
 23984 | Shoals:1 | Entered Level 1 of the Shoals
 23984 | Shoals:1 | Found a transporter.
 23988 | Shoals:1 | Noticed Nilihum's ghost (journeyman MfGl)
 24013 | Shoals:1 | Reached skill level 5 in Evocations
 24181 | Shoals:1 | Got a coiled glass ring
 24218 | Shoals:1 | Identified the ring "Kiupp" {Fire rElec} (You found it on level 1 of the Shoals)
 24252 | Shoals:1 | Noticed Nikola
 24273 | Shoals:1 | Killed Nikola
 24326 | Shoals:1 | Reached skill level 1 in Maces & Flails
 24392 | Shoals:1 | Found a transporter.
 24712 | Shoals:2 | Reached skill level 1 in Throwing
 25672 | Shoals:3 | Reached skill level 5 in Throwing
 25921 | Shoals:4 | Entered Level 4 of the Shoals
 25921 | Shoals:4 | Found Husiss's Armour Boutique.
 26003 | Shoals:4 | Bought the cursed +1 ring mail of Cituxaiw {-Cast +Blink MR+++} for 459 gold pieces
 26438 | Shoals:4 | Cast into level 3 of the Abyss (merfolk javelineer)
 26614 | Abyss:3  | Found a corrupted altar of Lugonu.
 26771 | Abyss:3  | Paralysed by accursed screaming for 1 turns
 26777 | Abyss:3  | Gained mutation: You passively map a large area around you. [Deep Dwarf growth]
 26777 | Abyss:3  | Reached XP level 18. HP: 157/175 MP: 15/18
 26935 | Shoals:4 | Escaped the Abyss
 27196 | Shoals:4 | Got a barnacled rune of Zot
 27588 | D:14     | Reached skill level 19 in Axes
 27926 | D:14     | Noticed Rupert
 27927 | D:14     | Paralysed by Rupert for 3 turns
 27955 | D:14     | Killed Rupert
 28323 | D:15     | Entered Level 15 of the Dungeon
 28420 | D:15     | Found a white marble altar of Elyvilon.
 28650 | D:15     | Found a runed gate.
 28652 | D:15     | Found a runed gate.
 28652 | D:15     | Found a runed gate.
 28658 | D:15     | Noticed glosham's ghost (weakling FoBe)
 28722 | D:15     | Found a staircase to the Depths.
 29154 | D:15     | Killed glosham's ghost
 29160 | D:15     | Reached skill level 20 in Axes
 29328 | Vaults:1 | Entered Level 1 of the Vaults
 29555 | Vaults:1 | Reached skill level 5 in Maces & Flails
 30038 | Vaults:1 | Reached XP level 19. HP: 176/182 MP: 16/16
 30253 | Vaults:1 | Reached skill level 10 in Dodging
 30992 | Vaults:2 | Reached skill level 1 in Crossbows
 31317 | Vaults:2 | Reached skill level 5 in Crossbows
 31360 | Vaults:2 | Cast into level 4 of the Abyss (a lich)
 31537 | Vaults:2 | Escaped the Abyss
 31789 | Vaults:2 | Noticed Mara
 31807 | Vaults:2 | Noticed poirepourri's illusion
 31837 | Vaults:2 | Killed Mara
 32001 | Vaults:2 | Noticed a lich
 32006 | Vaults:2 | Paralysed by a lich for 3 turns
 32019 | Vaults:2 | Killed a lich
 32023 | Vaults:2 | Reached skill level 10 in Crossbows
 32216 | Vaults:2 | Noticed Mennas
 32495 | Vaults:2 | Killed Mennas
 32518 | Vaults:2 | Reached XP level 20. HP: 103/190 MP: 15/15
 32530 | Vaults:2 | Found a staircase to the Crypt.
 32780 | Vaults:3 | Reached skill level 10 in Evocations
 33165 | Vaults:3 | Found Yban's Assorted Antiques.
 34292 | Vaults:4 | Reached skill level 15 in Evocations
 34358 | Vaults:4 | Identified a +0 pair of boots of running (You found it on level 4 of the Vaults)
 34560 | Vaults:4 | Reached skill level 15 in Invocations
 34872 | Vaults:4 | Found Noicenumi's Antique Armour Emporium.
 34880 | Vaults:4 | Bought a glowing shield for 247 gold pieces
 35832 | Orc:1    | Bought brightly glowing ice dragon scales for 2340 gold pieces
 35832 | Orc:1    | Identified the cursed +0 ice dragon scales "Paura" {rF- rC++ Str+6 Slay+5} (You bought it in a shop on level 1 of the Orcish Mines)
 35905 | Elf:1    | Entered Level 1 of the Elven Halls
 36788 | Elf:1    | Reached XP level 21. HP: 193/199 MP: 18/18
 36858 | Elf:2    | Reached skill level 15 in Fighting
 36897 | Elf:2    | Found a runed gate.
 36897 | Elf:2    | Found a runed gate.
 36899 | Elf:2    | Found a runed gate.
 36929 | Elf:2    | Found a ruined gateway.
 36993 | Desolati | Entered the Desolation of Salt
 37500 | Desolati | Identified the Incunabulum of Twisted Execration
 37509 | Desolati | Identified a scroll of acquirement
 37512 | Desolati | Got a smoking marble ring
 37515 | Desolati | Identified the ring of Libeoso {rElec rF++ rN+ MR+ Int-3} (You found it in the Desolation of Salt)
 37519 | Desolati | Identified Sif Muna's Disquisition on Feathery Calling
 37680 | Elf:2    | Found Setes's Antique Armour Shoppe.
 37680 | Elf:2    | Found a portal to a secret trove of treasure.
 38339 | Elf:2    | Noticed Asterion
 38357 | Elf:2    | Killed Asterion
 38525 | Elf:3    | Entered Level 3 of the Elven Halls
 38626 | Elf:3    | Found Muil's Food Boutique.
 38633 | Elf:3    | Found Moneq's Assorted Antiques.
 38633 | Elf:3    | Found Lopanute's Gadget Shop.
 38645 | Elf:3    | Found Jilon's Jewellery Shop.
 39403 | Elf:3    | Reached XP level 22. HP: 202/220 MP: 16/16
 39805 | Elf:3    | Gained mutation: Your magical capacity is low. (-10% MP) [a cacodemon]
 39900 | Elf:3    | Shot with an arrow by a deep elf master archer

Vault maps used:
D:1:      evilmike_arrival_run_for_it
D:2:      grunt_qazlal_clouds, grunt_temple_overflow_cloverleaf, uniq_natasha,
          uniq_crazy_yiuf_cottage
D:3:      lemuel_crystal_altar, first_ration
D:4:      overflow_temple_1_default, uniq_menkaure, uniq_eustachio, uniq_robin
D:5:      okawaru_gym_becter, uniq_grinder
D:6:      portal_sewer_entry_c
D:7:      minmay_temple_entry_mist, minmay_misc_feat_four_crosses,
          grunt_livestock
D:8:      old_standard_altar, led_sif_pool, kennysheep_little_box, serial_ice,
          serial_ice_h, serial_ice_c, serial_ice_e, serial_ice_j, serial_ice_g,
          serial_ice_n, serial_ice_d, serial_ice_a, makhleb_heckhound_becter
D:9:      lemuel_round_altar, gammafunk_ghost_spectres
D:10:     basic_altar, grunt_tough_drop
D:11:     lair_entry_dummy, david_orc_4, serial_shops, shop_fountains,
          special_room
D:12:     serial_column_ruins, column_ruins_open_tiny,
          column_ruins_columns_dead_end, column_ruins_columns_dead_end,
          column_ruins_corridor_corner, minmay_misc_feat_x
D:13:     minmay_open_boxes_in_corner, grunt_vaults_entry_tiered, uniq_erolcha
D:14:     corexii_corridor_pit, evilmike_minifort, uniq_rupert
D:15:     grunt_enter_depths_giant_problem, gammafunk_ghost_necromancy,
          elyvilon_altar_4
Temple:   minmay_temple_curvy_loop
Lair:1:   minmay_holes, st_stairs_10, minmay_lair_oklob_chamber,
          lemuel_fruit_tree
Lair:2:   minmay_shoals_entry_beasts, st_stairs_9, uniq_urug
Lair:3:   lab_entry_generic, beast_lair_carwin_3
Lair:4:   nicolae_spider_entry_non_spiders, ebering_ghost_xom,
          portal_ice_cave_rime
Lair:5:   special_room, lemuel_fruit_fields
Lair:6:   wormcave, hangedman_lair_tendril_chambers, slime_altar_1
Shoals:1: gammafunk_ghost_arena, nicolae_shoals_water_elemental_grotto,
          uniq_nikola
Shoals:4: shoals_end_grunt_ice, serial_shops, shop,
          nicolae_shoals_stone_sculpture_thing
Spider:3: spiders_nest_a
Spider:4: guppyfry_spider_rune, spiders_nest_hornet_nest, uniq_kirke
Orc:1:    ebering_ghost_gozag, basic_altar
Orc:2:    st_orc_rangers, ebering_ghost_reflecting_pool
Elf:1:    eino_elf_arrival_shootout, minmay_elf_crystal_heptagon
Elf:2:    portal_desolation_entry_nicolae_nacl, nicolae_trove_entry_free_sample,
          serial_shops, shop, guppyfry_library_mini, uniq_asterion
Elf:3:    elf_hall_gauntlet_narrow, corner_web_ring, minmay_shoptagon
Vaults:1: v_misc_31, nicolae_vaults_holding_cells, v_misc_23,
          nicolae_vaults_little_squares_1, ontoclasm_vaults_ligature,
          dpeg_vaults_monster_row, grunt_vaults_focal,
          nicolae_vaults_three_branches, ontoclasm_vaults_chip,
          nicolae_vaults_alarming, ontoclasm_vaults_eye, v_misc_25,
          nicolae_vaults_angled_halls
Vaults:2: hangedman_vaults_hat, vaults_mumra_hexcomb, hangedman_vaults_corner,
          vaults_room_stairs_pillars, v_misc_2, blue_anna_dwarven_crypt,
          vaults_room_door_ring, hangedman_vaults_corner_blocks, uniq_mennas,
          uniq_mara
Vaults:3: vaults_mumra_chevron, v_misc_27, v_rooms_6, v_pattern_1,
          nicolae_vaults_little_squares_4, nicolae_vaults_display_case,
          hangedman_vaults_pinch, nicolae_vaults_asterisk, vaults_room_grid,
          hangedman_vaults_slither, grunt_vaults_funnel, v_misc_23,
          serial_shops, nicolae_shop_overgrown_old_shop
Vaults:4: st_more_cells, nicolae_vaults_little_ls,
          nicolae_vaults_border_crossing, nicolae_vaults_little_squares_5,
          ontoclasm_vaults_tryst, ontoclasm_vaults_pinch,
          ontoclasm_vaults_hangar, hangedman_vaults_stretched_pinwheel,
          dpeg_vaults_monster_box, vaults_room_boxed, vaults_room_fours,
          vaults_dpeg_encased_lava, serial_shops,
          nicolae_shop_temple_entry_statues_fountains
Abyss:3:  doesnt_abyss_rune_brain_food, hangedman_decor_lopped
Abyss:4:  hangedman_decor_lopped,
          evilmike_nicolae_abyss_rune_betentacled_crabyss, minivault_25
Sewer:    sewer_big_baddie
IceCv:    ice_cave_statue_garden_chambered

Skill      XL: |  1  2  3  4  5  6  7  8  9 10 11 12 13 14 15 16 17 18 19 20 21 |
---------------+----------------------------------------------------------------+-----
Axes           | 3 4 6 7 8 10 15 18 20 | 20.2
Fighting       | 3 7 8 13 14 18 | 18.5
Shields        | 4 9 13 14 17 | 17.4
Armour         | 4 5 |  5.1
Dodging        | 8 9 12 | 12.3
Invocations    | 13 14 16 | 16.0
Evocations     | 8 9 15 | 15.0
Maces & Flails | 2 7 |  7.0
Throwing       | 8 |  8.0
Crossbows      | 10 | 10.2

Action                   |  1- 3 |  4- 6 |  7- 9 | 10-12 | 13-15 | 16-18 | 19-21 | 22-24 || total
-------------------------+-------+-------+-------+-------+-------+-------+-------+-------++-------
Melee: War axe           |   117 |   119 |   418 |  1092 |   192 |       |       |       ||  1938
       Unarmed           |       |     1 |       |       |       |       |       |       ||     1
       Mace              |       |       |       |    18 |    38 |       |       |       ||    56
       Broad axe         |       |       |       |       |  1291 |  1802 |  2044 |   111 ||  5248
       Morningstar       |       |       |       |       |       |     9 |       |       ||     9
 Fire: Hand crossbow     |       |       |       |       |    17 |     8 |       |     9 ||    34
Throw: Tomahawk          |       |     1 |       |    11 |       |       |       |       ||    12
       Javelin           |       |       |       |       |       |    40 |       |       ||    40
       Throwing net      |       |       |       |       |       |     4 |       |       ||     4
Invok: Lesser Servant of |       |       |       |       |     6 |    27 |     9 |       ||    42
 Abil: Heal Wounds       |     1 |     1 |     2 |    10 |     4 |    35 |    28 |    10 ||    91
Evoke: Wand              |       |       |       |    21 |    48 |    49 |    11 |    12 ||   141
  Use: Scroll            |     3 |     7 |     7 |    10 |    22 |    22 |    14 |     2 ||    87
       Potion            |       |     3 |     2 |    15 |    10 |    15 |     6 |       ||    51
 Stab: Confused          |       |       |       |     2 |       |       |       |       ||     2
       Paralysed         |       |       |       |       |    36 |       |       |       ||    36
       Distracted        |       |       |       |       |     3 |     2 |     9 |       ||    14
       Petrified         |       |       |       |       |     4 |       |       |       ||     4
       Petrifying        |       |       |       |       |     1 |       |       |       ||     1
       Invisible         |       |       |       |       |     8 |    17 |       |       ||    25
       Sleeping          |       |       |       |       |       |       |     1 |       ||     1
  Eat: Ration            |       |     2 |     3 |     8 |     8 |     8 |    10 |       ||    39
       Chunk             |       |       |       |       |     6 |     6 |     4 |       ||    16
Armor: Scale mail        |    74 |    55 |    73 |   173 |   250 |   381 |   115 |       ||  1121
       Skin              |       |       |     1 |    80 |       |       |       |       ||    81
       Ring mail         |       |       |   101 |   164 |    21 |       |    84 |    37 ||   407
Dodge: Dodged            |    49 |    25 |   124 |   544 |   860 |  1324 |   981 |   137 ||  4044
Block: Shield            |    82 |    55 |   248 |   950 |  1267 |  1750 |  1317 |   139 ||  5808

Table legend:
 A = Spawn XP
 B = Non-spawn XP
 C = Spawn XP percentage of total XP
 D = Spawn monster count
 E = Non-spawn monster count
 F = Spawn count percentage of total count
 G = Total turns spent on level
                    A         B        C        D         E        F      G
               +---------+---------+-------+---------+---------+-------+---------
         Total |   22973 |  703868 |   3.2 |      38 |    1840 |   2.0 | 39900
               +---------+---------+-------+---------+---------+-------+---------
           D:1 |       0 |      44 |   0.0 |       0 |      22 |   0.0 |   812
           D:2 |       0 |     184 |   0.0 |       0 |      27 |   0.0 |  1068
           D:3 |       0 |     194 |   0.0 |       0 |      25 |   0.0 |   540
           D:4 |       0 |     773 |   0.0 |       0 |      39 |   0.0 |   956
           D:5 |       0 |     886 |   0.0 |       0 |      16 |   0.0 |  1048
           D:6 |       0 |     542 |   0.0 |       0 |      18 |   0.0 |   458
           D:7 |       0 |    2834 |   0.0 |       0 |      32 |   0.0 |  1020
           D:8 |       0 |    3417 |   0.0 |       0 |      36 |   0.0 |   899
           D:9 |       0 |    2038 |   0.0 |       0 |      27 |   0.0 |   800
          D:10 |       0 |    2129 |   0.0 |       0 |      31 |   0.0 |   666
          D:11 |       0 |    5974 |   0.0 |       0 |      60 |   0.0 |  1657
          D:12 |       0 |    3869 |   0.0 |       0 |      28 |   0.0 |  1123
          D:13 |       0 |   13823 |   0.0 |       0 |      56 |   0.0 |  1363
          D:14 |       0 |   19046 |   0.0 |       0 |      48 |   0.0 |  1000
          D:15 |       0 |   12474 |   0.0 |       0 |      48 |   0.0 |   913
        Lair:1 |       0 |    3881 |   0.0 |       0 |      20 |   0.0 |  1069
        Lair:2 |       0 |    8963 |   0.0 |       0 |      37 |   0.0 |  1180
        Lair:3 |       0 |   12327 |   0.0 |       0 |      46 |   0.0 |   640
        Lair:4 |       0 |   10184 |   0.0 |       0 |      36 |   0.0 |   893
        Lair:5 |       0 |   17553 |   0.0 |       0 |      56 |   0.0 |   891
        Lair:6 |       0 |   28050 |   0.0 |       0 |      92 |   0.0 |  1347
      Shoals:1 |       0 |   16060 |   0.0 |       0 |      31 |   0.0 |   646
      Shoals:2 |       0 |    6425 |   0.0 |       0 |      15 |   0.0 |   602
      Shoals:3 |       0 |   10122 |   0.0 |       0 |      24 |   0.0 |   769
      Shoals:4 |       0 |   23136 |   0.0 |       0 |      39 |   0.0 |   821
      Spider:1 |       0 |   19030 |   0.0 |       0 |      59 |   0.0 |  1323
      Spider:2 |       0 |    2342 |   0.0 |       0 |       6 |   0.0 |   378
      Spider:3 |       0 |   26707 |   0.0 |       0 |      89 |   0.0 |  1065
      Spider:4 |       0 |   44177 |   0.0 |       0 |     102 |   0.0 |  1296
         Orc:1 |       0 |    5089 |   0.0 |       0 |      30 |   0.0 |   632
         Orc:2 |       0 |    8514 |   0.0 |       0 |      74 |   0.0 |   799
         Elf:1 |       0 |   19627 |   0.0 |       0 |      34 |   0.0 |   938
         Elf:2 |       0 |   49948 |   0.0 |       0 |      67 |   0.0 |  1097
         Elf:3 |       0 |   56844 |   0.0 |       0 |      65 |   0.0 |  1366
      Vaults:1 |       0 |   67304 |   0.0 |       0 |      90 |   0.0 |  1611
      Vaults:2 |    1297 |   60744 |   2.1 |       1 |      74 |   1.3 |  1757
      Vaults:3 |       0 |   42417 |   0.0 |       0 |      67 |   0.0 |  1330
      Vaults:4 |       0 |   49897 |   0.0 |       0 |      60 |   0.0 |  1278
       Abyss:3 |   16707 |    3611 |  82.2 |      25 |      19 |  56.8 |   497
       Abyss:4 |    4969 |    7229 |  40.7 |      12 |      13 |  48.0 |   177
         Sewer |       0 |     108 |   0.0 |       0 |       6 |   0.0 |   123
         IceCv |       0 |    3298 |   0.0 |       0 |      11 |   0.0 |   249
    Desolation |       0 |   32054 |   0.0 |       0 |      65 |   0.0 |   594
               +---------+---------+-------+---------+---------+-------+---------
